 Dungeon Crawl Stone Soup version 0.21-a0-163-g3aa3f5d (webtiles) character file.

39918 zxpr0jk the Protected (level 13, -32/95 HPs)
             Began as a Vampire Gladiator on Aug 4, 2017.
             Was the Champion of Cheibriados.
             Killed from afar by Roxanne (51 damage)
             ... with an iron shot
             ... on level 14 of the Dungeon.
             The game lasted 00:53:18 (13135 turns).

zxpr0jk the Protected (Vampire Gladiator)          Turns: 13135, Time: 00:53:20

Health: -32/95     AC: 19    Str: 29    XL:     13   Next: 71%
Magic:  0/25       EV: 18    Int: 27    God:    Cheibriados [******]
Gold:   749        SH:  0    Dex: 35    Spells: 16/28 levels left

rFire    . . .     SeeInvis +   m - +1 great sword
rCold    . . .     Gourm    .   (shield currently unavailable)
rNeg     + . .     Faith    .   w - +1 chain mail {MR+}
rPois    .         Spirit   +   (helmet restricted)
rElec    .         Reflect  .   s - +2 cloak
rCorr    .         Harm     .   a - +1 pair of gloves
MR       +++..                  (no boots)
Stlth    ..........             p - amulet of guardian spirit
HPRegen  0.45/turn              L - ring of protection from magic
MPRegen  0.19/turn              u - ring of positive energy

@: very slightly contaminated, regenerating quickly, very slow
A: fangs 3, horns 1, see invisible, agile 1, wild magic 1, unbreathing
a: Bend Time, Temporal Distortion, Slouch, Step From Time, Renounce Religion


You were on level 14 of the Dungeon.
You worshipped Cheibriados.
Cheibriados was exalted by your worship.
You were almost alive.

You visited 2 branches of the dungeon, and saw 16 of its levels.
You also visited: Ossuary.

You collected 980 gold pieces.
You spent 231 gold pieces at shops.

Inventory:

Hand Weapons
 c - a +3 vampiric war axe
 m - a +1 great sword (weapon)
Armour
 a - a +1 pair of gloves (worn)
 h - a scarf of cloud immunity
 s - a +2 cloak (worn)
 w - a +1 chain mail of magic resistance (worn)
 A - +1 steam dragon scales
 E - a +0 leather armour of fire resistance
Jewellery
 g - an uncursed ring of poison resistance
 p - an amulet of guardian spirit (around neck)
 u - a ring of positive energy (right hand)
 L - a ring of protection from magic (left hand)
Wands
 d - a wand of acid (9/15)
 l - a wand of flame (13/48)
 n - a wand of flame (22/48)
 v - a wand of lightning (4/15)
 x - a wand of disintegration (0/24)
 y - a wand of iceblast (1/15)
 z - a wand of flame (19/48)
 F - a wand of enslavement (10/24)
 H - a wand of paralysis (9/24)
 I - a wand of paralysis (15/24)
 J - a wand of flame (12/48)
 K - a wand of enslavement (10/24)
 N - a wand of polymorph (12/24)
Scrolls
 b - 3 scrolls of magic mapping
 f - 4 scrolls of remove curse
 k - 5 scrolls of identify
 o - a scroll of amnesia
 q - 4 scrolls of recharging
 r - a scroll of teleportation
 B - a scroll of enchant weapon
 Q - 5 scrolls of fog
Potions
 i - a potion of ambrosia
 j - a potion of curing
 C - 2 potions of flight
 G - a potion of brilliance
 P - 2 potions of blood
Books
 t - a book of Necromancy

   Spells                             Type                      Level
   a - Pain                           Necromancy                   1
   b - Animate Skeleton               Necromancy                   1
   c - Vampiric Draining              Necromancy                   3
   d - Regeneration                   Charms/Necromancy            3
   e - Animate Dead                   Necromancy                   4
   f - Control Undead                 Necromancy                   4
 M - a book of Maledictions

   Spells                             Type                      Level
   a - Corona                         Hexes                        1
   b - Ensorcelled Hibernation        Hexes/Ice                    2
   c - Confuse                        Hexes                        3
   d - Tukima's Dance                 Hexes                        3
   e - Dazzling Spray                 Conjuration/Hexes            3
 S - the Almanac of the Well-Known Dreams
   (You found it on level 13 of the Dungeon)

   Spells                             Type                      Level
   a - Regeneration                   Charms/Necromancy            3
   b - Spectral Weapon                Hexes/Charms                 3
   c - Control Undead                 Necromancy                   4
   d - Excruciating Wounds            Charms/Necromancy            5
   e - Metabolic Englaciation         Hexes/Ice                    5
 U - a book of Air

   Spells                             Type                      Level
   a - Shock                          Conjuration/Air              1
   b - Swiftness                      Charms/Air                   2
   c - Static Discharge               Conjuration/Air              3
   d - Airstrike                      Air                          4
   e - Lightning Bolt                 Conjuration/Air              5


   Skills:
 - Level 6.7 Fighting
 - Level 7.6 Long Blades
 - Level 10.1 Axes
 - Level 1.7 Throwing
 - Level 11.6 Armour
 - Level 8.2 Dodging
 - Level 8.2 Spellcasting
 - Level 4.2 Necromancy
 + Level 4.7 Invocations


You had 16 spell levels left.
You knew the following spells:

 Your Spells              Type           Power        Failure   Level  Hunger
a - Vampiric Draining     Necr           #####.....   14%         3    None
b - Spectral Weapon       Hex/Chrm       ##......     61%         3    None
c - Dazzling Spray        Conj/Hex       ##....       61%         3    None
d - Regeneration          Chrm/Necr      ####......   32%         3    None


Dungeon Overview and Level Annotations

Branches:
Dungeon (15/15)            Temple (1/1) D:6            Lair (0/6) D:11
    Orc (0/2) D:12         Vaults (0/5) D:14
 Depths: D:15

Altars:
Ashenzari
Cheibriados
Dithmenos
Elyvilon
Fedhas
Gozag
Hepliaklqana
Kikubaaqudgha
Makhleb
Nemelex Xobeh
Okawaru
Qazlal
Ru
Sif Muna
Trog
Uskayaw
Vehumet
Wu Jian
Xom
Yredelemnul
Zin
The Shining One

Shops:
D:5 [   D:14 }

Annotations:
D:9 exclusion: electric eel
D:14 exclusion: Roxanne, Roxanne


Innate Abilities, Weirdness & Mutations

Your natural rate of healing is unusually fast.
You have razor-sharp teeth.
You have supernaturally acute eyesight. (SInv)
You can survive without breathing.
You have a pair of small horns on your head.
You are agile. (Dex +2)
Your spells are a little harder to cast, but a little more powerful.


Message History

You completely miss Roxanne. You bite Roxanne, but do no damage.
Roxanne is lightly damaged.
You slash Roxanne! You bite Roxanne, but do no damage.
Roxanne is lightly damaged.
You hit Roxanne. You headbutt Roxanne. You bite Roxanne.
Roxanne is moderately damaged.
Roxanne mumbles some strange words.
The iron shot hits you!
* * * LOW HITPOINT WARNING * * *
Okay, then.
Casting: Vampiric Draining
Confirm with . or Enter, or press ? or * to list all spells.
You draw out your weapon's spirit!
You slice Roxanne!! You headbutt Roxanne, but do no damage. You bite Roxanne.
Roxanne is moderately damaged.
Your spectral weapon hits Roxanne but does no damage.
Roxanne casts a spell.
The iron shot hits you!
Ouch! That really hurt!
You die...

...#.##......[(#.#########.....# #.
####.........).#.#######.......# ##
...#..................##.#.....#
...#...........................#
####...#................#......#
......)#...............#.....####
####...#........................#
#.............#..(###...#.##.##.#
#.............#.8@.....#..##.##.###
#.............#....................
########.#######.............##....
#####........# #.#####.......##....
...##........# #.# #.............
...##........# #.# #.......#..#.)
...##........###.### #........#..#.
...##....%.........# ###...#.......
...##......#.......# #...##.....#


You could see Roxanne and a friendly spectral enchanted great sword.

Vanquished Creatures
  2 vault guards (D:14)
  A hydra (D:12)
  3 centaur warriors
  A death knight (D:14)
  6 two-headed ogres
  A tengu warrior (D:14)
  A deep elf knight (D:14)
  4 unseen horrors
  A wizard (D:14)
  2 deep elf magi
  Pikel (D:5)
  3 orc knights (D:14)
  12 ugly things
  A manticore (D:13)
  The ghost of Alchy the Slasher, a novice VSFi of Wu Jian (D:5)
  4 molten gargoyles (D:14)
  A gargoyle (D:14)
  A komodo dragon (D:12)
  A yaktaur (D:14)
  2 tengu conjurers (D:14)
  3 trolls
  An efreet (D:14)
  Grinder (D:3)
  2 hippogriffs
  A hornet (D:12)
  Sigmund (D:2)
  A spriggan (D:12)
  5 wyverns
  2 shadows
  25 yaks
  A human (D:14)
  A steam dragon (D:8)
  A soldier ant (D:12)
  An acid dragon (D:12)
  The ghost of tehllama the Digger, an amateur GrEE (D:4)
  A water moccasin (D:6)
  An eye of draining (D:12)
  6 ice beasts
  3 sky beasts
  11 orc warriors
  11 ogres
  3 black bears
  A necrophage (D:12)
  A centaur (shapeshifter) (D:13)
  5 boggarts (D:14)
  2 centaurs
  5 big kobolds
  The ghost of Alchy the Slasher, an amateur VSFi (D:3)
  3 gnoll sergeants (D:12)
  8 bullfrogs
  2 scorpions
  25 killer bees
  5 wights (D:10)
  4 howler monkeys
  A bullfrog zombie (D:8)
  A crimson imp (D:5)
  3 quasits
  A centaur zombie (D:9)
  8 centaur skeletons
  10 orc priests
  A bullfrog skeleton (D:10)
  2 gnoll shamans
  8 hounds
  4 jellies
  Terence (D:3)
  7 worker ants
  5 iguanas
  12 orc wizards
  2 big kobold zombies (Ossuary)
  3 hound skeletons
  2 mummies (Ossuary)
  A howler monkey zombie (D:6)
  A worker ant zombie (D:9)
  9 gnolls
  A howler monkey skeleton (D:6)
  20 adders
  4 shadow imps
  An ooze (D:5)
  7 adder zombies
  2 dart slugs
  2 worms (D:4)
  4 leopard geckos
  77 orcs
  A ball python (D:2)
  7 bats
  7 giant cockroaches
  A gnoll zombie (Ossuary)
  8 goblins
  8 hobgoblins
  26 jackals
  5 quokkas
  10 frilled lizards
  8 hobgoblin zombies (Ossuary)
  2 jackal skeletons
  17 kobolds
  4 kobold zombies (Ossuary)
  A leopard gecko skeleton (D:5)
  7 orc zombies (Ossuary)
  A quokka skeleton (D:6)
  5 rats
  2 fungi (D:6)
514 creatures vanquished.

Vanquished Creatures (others)
  An eye of draining (D:14)
  A slave (D:5)
  An ogre (D:12)
  A worker ant (D:5)
  A quokka (D:5)
  A ball python (D:5)
6 creatures vanquished.

Grand Total: 520 creatures vanquished

Notes
Turn   | Place    | Note
-------+----------+-------------------------------------------
     0 | D:1      | zxpr0jk the Vampire Gladiator began the quest for the Orb.
     0 | D:1      | Reached XP level 1. HP: 16/16 MP: 1/1
    98 | D:1      | Reached XP level 2. HP: 16/22 MP: 2/2
   508 | D:1      | Reached XP level 3. HP: 24/27 MP: 3/3
   760 | D:2      | Noticed Sigmund
   953 | D:2      | Reached XP level 4. HP: 32/34 MP: 4/4
  1054 | D:2      | Killed Sigmund
  1054 | D:2      | Reached XP level 5. HP: 30/41 MP: 5/5
  1425 | D:2      | Found a shimmering altar of Xom.
  1434 | D:2      | Found a glowing silver altar of Zin.
  1434 | D:2      | Found an ornate altar of the Wu Jian Council.
  1552 | D:3      | Reached XP level 6. HP: 39/47 MP: 6/6
  1613 | D:3      | Reached skill level 5 in Dodging
  1646 | D:3      | Noticed Terence
  1653 | D:3      | Killed Terence
  1888 | D:3      | Found an ancient bone altar of Kikubaaqudgha.
  2017 | D:3      | Noticed Alchy's ghost (amateur VSFi)
  2103 | D:4      | Reached skill level 5 in Long Blades
  2114 | D:4      | Noticed tehllama's ghost (amateur GrEE)
  2128 | D:4      | Gained mutation: You are occasionally teleported next to monsters. [potion of mutation]
  2128 | D:4      | Gained mutation: You have a pair of small antennae on your head. [potion of mutation]
  2155 | D:3      | Killed Alchy's ghost
  2323 | D:3      | Noticed Grinder
  2338 | D:3      | Killed Grinder
  2338 | D:3      | Reached XP level 7. HP: 27/55 MP: 4/7
  2571 | D:3      | Found an opulent altar of Gozag.
  2571 | D:3      | Found a sparkling altar of Nemelex Xobeh.
  2626 | D:4      | Found a sand-covered staircase.
  2631 | Ossuary  | Entered an ossuary
  2842 | Ossuary  | Lost mutation: You have a pair of small antennae on your head. [potion of mutation]
  2842 | Ossuary  | Lost mutation: You are occasionally teleported next to monsters. [potion of mutation]
  2842 | Ossuary  | Gained mutation: Your mind is acute. (Int +2) [potion of mutation]
  2842 | Ossuary  | Gained mutation: You have sharp toenails. [potion of mutation]
  2843 | Ossuary  | Lost mutation: You have sharp toenails. [potion of mutation]
  2843 | Ossuary  | Lost mutation: Your mind is acute. (Int +2) [potion of mutation]
  2843 | Ossuary  | Gained mutation: You possess an exceptional clarity of mind. [potion of mutation]
  2843 | Ossuary  | Gained mutation: You have a pair of small antennae on your head. [potion of mutation]
  2843 | Ossuary  | Gained mutation: You evolve. [potion of mutation]
  2844 | Ossuary  | Lost mutation: You evolve. [potion of mutation]
  2844 | Ossuary  | Lost mutation: You possess an exceptional clarity of mind. [potion of mutation]
  2844 | Ossuary  | Lost mutation: You have a pair of small antennae on your head. [potion of mutation]
  2844 | Ossuary  | Gained mutation: You are agile. (Dex +2) [potion of mutation]
  2844 | Ossuary  | Gained mutation: Your spells are a little harder to cast, but a little more powerful. [potion of mutation]
  2844 | Ossuary  | Gained mutation: You have a pair of small horns on your head. [potion of mutation]
  2874 | D:4      | Killed tehllama's ghost
  2874 | D:4      | Reached skill level 5 in Fighting
  3230 | D:4      | Reached XP level 8. HP: 53/62 MP: 5/8
  3235 | D:4      | Learned a level 3 spell: Vampiric Draining
  3739 | D:4      | Found a bloodstained altar of Trog.
  3739 | D:4      | Found a shattered altar of Ashenzari.
  3739 | D:4      | Found a sacrificial altar of Ru.
  3824 | D:5      | Entered Level 5 of the Dungeon
  3855 | D:5      | Noticed Alchy's ghost (novice VSFi)
  3875 | D:5      | Killed Alchy's ghost
  4091 | D:5      | Noticed Pikel
  4106 | D:5      | Killed Pikel
  4278 | D:5      | Found a basalt altar of Yredelemnul.
  4345 | D:5      | Reached XP level 9. HP: 70/71 MP: 9/9
  4525 | D:5      | Found Vefi's Armour Boutique.
  4528 | D:5      | Bought a +1 chain mail of magic resistance for 231 gold pieces
  4587 | D:6      | Found a radiant altar of Vehumet.
  4637 | D:6      | Reached skill level 1 in Armour
  4828 | D:6      | Reached skill level 1 in Axes
  4937 | D:6      | Reached skill level 2 in Armour
  5070 | D:6      | Found a staircase to the Ecumenical Temple.
  5174 | D:6      | Found a glowing golden altar of the Shining One.
  5392 | Temple   | Entered the Ecumenical Temple
  5399 | Temple   | Became a worshipper of Cheibriados the Contemplative
  5881 | D:7      | Found a blossoming altar of Fedhas.
  6040 | D:7      | Reached * piety under Cheibriados
  6412 | D:8      | Noticed a two-headed ogre
  6434 | D:8      | Reached skill level 3 in Armour
  6490 | D:8      | Reached skill level 4 in Armour
  6671 | D:8      | Reached ** piety under Cheibriados
  6767 | D:8      | Reached XP level 10. HP: 54/77 MP: 6/10
  6885 | D:8      | Reached skill level 5 in Axes
  6929 | D:8      | Reached skill level 5 in Armour
  6966 | D:8      | Noticed an unseen horror
  6994 | D:8      | Killed an unseen horror
  7467 | D:8      | Killed a two-headed ogre
  7467 | D:8      | Reached skill level 6 in Armour
  7587 | D:8      | Noticed a two-headed ogre
  7595 | D:8      | Killed a two-headed ogre
  7595 | D:8      | Reached *** piety under Cheibriados
  7725 | D:9      | Found a hide-covered altar of Uskayaw.
  8066 | D:9      | Reached **** piety under Cheibriados
  8068 | D:9      | Noticed a two-headed ogre
  8080 | D:9      | Killed a two-headed ogre
  8080 | D:9      | Reached skill level 7 in Armour
  8080 | D:9      | Reached XP level 11. HP: 73/83 MP: 8/11
  8216 | D:10     | Entered Level 10 of the Dungeon
  8222 | D:10     | Noticed a two-headed ogre
  8237 | D:10     | Killed a two-headed ogre
  8343 | D:10     | Reached ***** piety under Cheibriados
  8544 | D:10     | Reached skill level 8 in Armour
  8912 | D:11     | Found a staircase to the Lair.
  9091 | D:11     | Noticed a two-headed ogre
  9100 | D:11     | Killed a two-headed ogre
  9490 | D:12     | Noticed an unseen horror
  9502 | D:12     | Killed an unseen horror
  9503 | D:12     | Reached skill level 9 in Armour
  9546 | D:12     | Noticed a purple ugly thing
  9555 | D:12     | Killed a purple ugly thing
  9585 | D:12     | Noticed a seven-headed hydra
  9602 | D:12     | Killed a nine-headed hydra
  9602 | D:12     | Reached skill level 10 in Axes
  9602 | D:12     | Reached XP level 12. HP: 37/89 MP: 4/12
  9764 | D:12     | Reached skill level 1 in Spellcasting
  9863 | D:12     | Reached ****** piety under Cheibriados
 10010 | D:12     | Found a staircase to the Orcish Mines.
 10072 | D:12     | Reached skill level 10 in Armour
 10542 | D:13     | Noticed a centaur warrior
 10552 | D:13     | Killed a centaur warrior
 10552 | D:13     | Reached skill level 5 in Spellcasting
 10820 | D:13     | Identified the Almanac of the Well-Known Dreams
 11276 | D:14     | Reached skill level 11 in Armour
 11296 | D:14     | Found Pidy's Gadget Shoppe.
 11455 | D:14     | Noticed a vault guard
 11477 | D:14     | Reached XP level 13. HP: 66/94 MP: 11/23
 11579 | D:14     | Found a gate to the Vaults.
 11797 | D:14     | Noticed Roxanne
 12184 | D:14     | Reached skill level 1 in Necromancy
 12405 | D:14     | Reached skill level 1 in Invocations
 12417 | D:14     | HP: 3/95 [white ugly thing (20)]
 12424 | D:14     | HP: 3/95 [white ugly thing (19)]
 12427 | D:15     | Entered Level 15 of the Dungeon
 12986 | D:14     | Learned a level 3 spell: Spectral Weapon
 12990 | D:14     | Learned a level 3 spell: Dazzling Spray
 12994 | D:14     | Learned a level 3 spell: Regeneration
 13135 | D:14     | Killed from afar by Roxanne

Vault maps used:
D:1:      tarquinn_simple_flora_water_a
D:2:      minitemple, first_bread, minmay_misc_feat_plants, uniq_sigmund
D:3:      grunt_temple_overflow_opulence, lemuel_crystal_altar, uniq_grinder,
          uniq_terence
D:4:      gammafunk_temple_overflow_forgotten, enter_ossuary_2
D:5:      yredelemnul_altar_generic, serial_shops, shop,
          kennysheep_generic_room_14, uniq_pikel
D:6:      nicolae_overflow_crystal_walls, minmay_temple_entry_overgrown,
          minmay_gold_behind_fungi, vehumet_altar_wand_db
D:7:      old_standard_altar
D:8:      kennysheep_six_static_rooms
D:9:      lemuel_crystal_altar
D:11:     lair_entry_dummy
D:12:     kennysheep_orc_monster_closet_entryway, hangedman_stone_soup
D:13:     serial_glass, glass_columns_a, glass_columns_b, glass_columns_b,
          glass_columns_a, glass_columns_a, glass_columns_b, glass_columns_a,
          glass_columns_a
D:14:     cheibrodos_statue_roulette, grunt_vaults_entry_fortified,
          hangedman_abyss_or_decor_lesser_grid, serial_shops,
          nicolae_shop_stone, uniq_roxanne
D:15:     gammafunk_enter_depths_forms, minmay_misc_feat_iff, serial_shops,
          nicolae_shop_behind_doors
Temple:   compressed_dpeg_triangle_lava_temple
Ossuary:  ossuary_tomb_2

Skill      XL: |  1  2  3  4  5  6  7  8  9 10 11 12 13 |
---------------+----------------------------------------+-----
Fighting       | 2 3 4 5 6 |  6.7
Dodging        | 4 5 6 7 8 |  8.2
Long Blades    | 4 5 6 7 |  7.6
Armour         | 4 7 9 11 | 11.6
Axes           | 4 7 10 | 10.1
Spellcasting   | 6 8 |  8.2
Necromancy     | 4 |  4.2
Invocations    | 4 |  4.7
Throwing       | |  1.7

Action                   |  1- 3 |  4- 6 |  7- 9 | 10-12 | 13-15 || total
-------------------------+-------+-------+-------+-------+-------++-------
Melee: Long sword        |    91 |   166 |   285 |       |       ||   542
       Bite              |    16 |    30 |    77 |   123 |    49 ||   295
       Headbutt          |       |       |   115 |   222 |   104 ||   441
       War axe           |       |       |   244 |   629 |    67 ||   940
       Great sword       |       |       |       |       |   112 ||   112
Throw: Throwing net      |     3 |     3 |       |     2 |       ||     8
 Cast: Spectral Weapon   |       |       |       |       |     1 ||     1
Evoke: Wand              |       |       |       |    13 |     3 ||    16
  Use: Potion            |       |     4 |    11 |     6 |     8 ||    29
       Scroll            |       |     3 |    14 |     6 |     6 ||    29
 Stab: Held in net/web   |     1 |     3 |       |     1 |       ||     5
       Sleeping          |       |     2 |     1 |       |       ||     3
       Distracted        |       |       |       |     1 |       ||     1
  Eat: Corpse            |     4 |    10 |    15 |    11 |     7 ||    47
Armor: Leather armour    |    21 |    51 |    67 |       |       ||   139
       Chain mail        |       |       |   188 |   362 |    73 ||   623
Dodge: Dodged            |    78 |   126 |   388 |   733 |   239 ||  1564
       Rpst.: Long sword |    21 |    34 |    60 |       |       ||   115
       Great sword       |       |       |       |       |    41 ||    41
